BSA
HOUSTON MARSHALS @ SEATTLE PIKES
09/17/2028
 
TOP OF THE 1ST
Houston Marshals batting - Pitching for Seattle Pikes : RHP Jesús Suárez
Pitching: RHP Jesús Suárez
Batting: LHB John Peterson 0-0: Swinging Strike
0-1: Ball
1-1: Swinging Strike
1-2: Fly out, F9 (Flyball, 9)
Batting: RHB Javier Rentería 0-0: Ball
1-0: Ball
2-0: Fly out, F9 (Flyball, 9LS)
Batting: LHB Lewis Barr 0-0: Called Strike
0-1: Ball
1-1: Foul Ball, location: 2F
1-2: Foul Ball, location: 2F
1-2: Strikes out swinging
Top of the 1st over - 0 run(s), 0 hit(s), 0 error(s), 0 left on base; Houston 0 - Seattle 0
BOTTOM OF THE 1ST
Seattle Pikes batting - Pitching for Houston Marshals : LHP Stanley Inman
Pitching: LHP Stanley Inman
Batting: SHB Nate Rhodes 0-0: Called Strike
0-1: Ball
1-1: Foul Ball, location: 2F
1-2: Foul Ball, location: 2F
1-2: Ball
2-2: Ball
3-2: Fly out, F8 (Flyball, 8LM)
Batting: RHB Arnold Harmon 0-0: Ball
1-0: Foul Ball, location: 2F
1-1: SINGLE (Groundball, 56D)
Batting: RHB Iván Gonzáles 0-0: Ball
1-0: Called Strike
1-1: SINGLE (Groundball, 4MD)
Arnold Harmon to second
Runner from 2nd tries for 3rd, OUT!
Batting: RHB Pete Rideout 0-0: Called Strike
0-1: Called Strike
0-2: Ball
1-2: Strikes out swinging
Bottom of the 1st over - 0 run(s), 2 hit(s), 0 error(s), 1 left on base; Houston 0 - Seattle 0
TOP OF THE 2ND
Houston Marshals batting - Pitching for Seattle Pikes : RHP Jesús Suárez
Batting: LHB José Rodríguez 0-0: Ball
1-0: Ball
2-0: Ball
3-0: Called Strike
3-1: Ground out 4-3 (Groundball, 4)
Batting: SHB Álex Rosado 0-0: Foul Ball, location: 2F
0-1: Foul Ball, location: 2F
0-2: Ball
1-2: Strikes out swinging
Batting: LHB Matt Smith 0-0: Ball
1-0: Ball
2-0: Ball
3-0: Called Strike
3-1: SINGLE (Line Drive, 3L)
Batting: SHB Juan Gómez 0-0: Foul Ball, location: 2F
0-1: Fly out, F8 (Flyball, 78M)
Top of the 2nd over - 0 run(s), 1 hit(s), 0 error(s), 1 left on base; Houston 0 - Seattle 0
BOTTOM OF THE 2ND
Seattle Pikes batting - Pitching for Houston Marshals : LHP Stanley Inman
Batting: RHB Wallace Greene 0-0: Ball
1-0: Ball
2-0: Ball
3-0: Called Strike
3-1: Swinging Strike
3-2: Base on Balls
Batting: RHB Randy Sheppard 0-0: Ball
1-0: Ball
2-0: Fly out, F7 (Flyball, 7S)
Batting: LHB Roberto Lozano 0-0: Ball
1-0: Fly out, F2 (Popup, 5S)
Batting: RHB Germán Rosales 0-0: Ball
1-0: Called Strike
1-1: Ball
2-1: Foul Ball, location: 2F
2-2: Foul Ball, location: 2F
2-2: Ball
3-2: Strikes out swinging
Bottom of the 2nd over - 0 run(s), 0 hit(s), 0 error(s), 1 left on base; Houston 0 - Seattle 0
TOP OF THE 3RD
Houston Marshals batting - Pitching for Seattle Pikes : RHP Jesús Suárez
Batting: RHB Jim Tracy 0-0: Ball
1-0: Fly out, F8 (Line Drive, 8LM)
Batting: RHB Gregg Nelson 0-0: Called Strike
0-1: Ground out 6-3 (Groundball, 6)
Batting: LHB John Peterson 0-0: Called Strike
0-1: Foul Ball, location: 2F
0-2: Foul Ball, location: 2F
0-2: Foul Ball, location: 2F
0-2: Ball
1-2: Ball
2-2: Foul Ball, location: 2F
2-2: Ball
3-2: Foul Ball, location: 2F
3-2: Foul Ball, location: 2F
3-2: Foul Ball, location: 2F
3-2: Fly out, F9 (Flyball, 9LM)
Top of the 3rd over - 0 run(s), 0 hit(s), 0 error(s), 0 left on base; Houston 0 - Seattle 0
BOTTOM OF THE 3RD
Seattle Pikes batting - Pitching for Houston Marshals : LHP Stanley Inman
Batting: RHB Bill Mark 0-0: Ball
1-0: Fly out, F8 (Flyball, 8LS)
Batting: SHB Nate Rhodes 0-0: Called Strike
0-1: Called Strike
0-2: Strikes out swinging
Batting: RHB Arnold Harmon 0-0: Ball
1-0: Called Strike
1-1: Ball
2-1: SOLO HOME RUN (Flyball, 7D), Distance : 386 ft
Batting: RHB Iván Gonzáles 0-0: Ball
1-0: Ball
2-0: Ball
3-0: Called Strike
3-1: Base on Balls
Batting: RHB Pete Rideout 0-0: Called Strike
0-1: Called Strike
0-2: Ball
1-2: Foul Ball, location: 2F
1-2: Ball
2-2: Ball
3-2: Fly out, F5 (Line Drive, 5S)
Bottom of the 3rd over - 1 run(s), 1 hit(s), 0 error(s), 1 left on base; Houston 0 - Seattle 1
TOP OF THE 4TH
Houston Marshals batting - Pitching for Seattle Pikes : RHP Jesús Suárez
Batting: RHB Javier Rentería 0-0: Foul Ball, location: 2F
0-1: SINGLE (Flyball, 6MD)
Batting: LHB Lewis Barr 0-0: Called Strike
0-1: Fielders Choice at 2nd, 4-6 (Groundball, 34)
Batting: LHB José Rodríguez 0-0: Fly out, F2 (Popup, 56S)
Batting: SHB Álex Rosado 0-0: Called Strike
0-1: Called Strike
0-2: Fielders Choice at 2nd, U4 (Groundball, 4M)
Top of the 4th over - 0 run(s), 1 hit(s), 0 error(s), 1 left on base; Houston 0 - Seattle 1
BOTTOM OF THE 4TH
Seattle Pikes batting - Pitching for Houston Marshals : LHP Stanley Inman
Batting: RHB Wallace Greene 0-0: DOUBLE (Groundball, 5L)
Batting: RHB Randy Sheppard 0-0: Ball
1-0: Called Strike
1-1: 2-RUN HOME RUN (Flyball, 8LXD), Distance : 431 ft
Batting: LHB Roberto Lozano 0-0: SINGLE (Groundball, 34) (infield hit)
Batting: RHB Germán Rosales 0-0: Called Strike
Roberto Lozano steals 2nd base
0-1: Foul Ball, location: 2F
0-2: Strikes out swinging
Batting: RHB Bill Mark 0-0: Called Strike
0-1: Ball
1-1: Called Strike
1-2: DOUBLE (Line Drive, 7)
Roberto Lozano scores
Batting: SHB Nate Rhodes 0-0: Ball
1-0: Swinging Strike
1-1: Ball
Wild Pitch!
Bill Mark to third
2-1: Swinging Strike
2-2: Strikes out swinging
Batting: RHB Arnold Harmon 0-0: Foul Ball, location: 2F
0-1: Swinging Strike
0-2: Ball
1-2: Ball
2-2: Fly out, F8 (Flyball, 89M)
Bottom of the 4th over - 3 run(s), 4 hit(s), 0 error(s), 1 left on base; Houston 0 - Seattle 4
TOP OF THE 5TH
Houston Marshals batting - Pitching for Seattle Pikes : RHP Jesús Suárez
Batting: LHB Matt Smith 0-0: SINGLE (Groundball, 6MD)
Batting: SHB Juan Gómez 0-0: Called Strike
0-1: Ball
1-1: Ball
2-1: Ball
3-1: Called Strike
3-2: Ground out 3-1 (Groundball, 34S)
Matt Smith to second
Batting: RHB Jim Tracy 0-0: Called Strike
0-1: Ball
1-1: Foul Ball, location: 2F
1-2: Foul Ball, location: 2F
1-2: Foul Ball, location: 2F
1-2: SINGLE (Groundball, 4MD)
Matt Smith to third
Runner from 3rd tries for Home, SAFE, throw made home
Jim Tracy to second
Batting: RHB Gregg Nelson 0-0: Ball
1-0: Ball
2-0: Called Strike
2-1: Called Strike
2-2: Ground out 1-3 (Groundball, 13)
Jim Tracy to third
Batting: LHB John Peterson 0-0: Ball
1-0: Fly out, F4 (Line Drive, 4)
Top of the 5th over - 1 run(s), 2 hit(s), 0 error(s), 1 left on base; Houston 1 - Seattle 4
BOTTOM OF THE 5TH
Seattle Pikes batting - Pitching for Houston Marshals : LHP Stanley Inman
Pitching: RHP Enrique Valdés
Batting: RHB Iván Gonzáles 0-0: Called Strike
0-1: Ball
1-1: SINGLE (Line Drive, 4MD)
Batting: RHB Pete Rideout 0-0: Ball
1-0: Called Strike
1-1: Called Strike
1-2: Ball
2-2: Fly out, F3 (Popup, 3S)
Batting: RHB Wallace Greene 0-0: Foul Ball, location: 2F
0-1: Called Strike
0-2: Ball
1-2: SINGLE (Groundball, 4MD)
Iván Gonzáles to second
Batting: RHB Randy Sheppard 0-0: Ball
1-0: Called Strike
1-1: Foul Ball, location: 2F
1-2: Foul Ball, location: 2F
1-2: Ball
2-2: Strikes out swinging
Batting: LHB Roberto Lozano 0-0: Called Strike
0-1: Swinging Strike
0-2: Foul Ball, location: 2F
0-2: Strikes out swinging
Bottom of the 5th over - 0 run(s), 2 hit(s), 0 error(s), 2 left on base; Houston 1 - Seattle 4
TOP OF THE 6TH
Houston Marshals batting - Pitching for Seattle Pikes : RHP Jesús Suárez
Batting: RHB Javier Rentería 0-0: SINGLE (Groundball, 34S) (infield hit)
Batting: LHB Lewis Barr 0-0: Ball
1-0: Ball
Javier Rentería steals 2nd base
2-0: Foul Ball, location: 2F
2-1: Fly out, F7 (Flyball, 7)
Batting: LHB José Rodríguez 0-0: Ball
1-0: Fly out, F4 (Line Drive, 4)
Batting: SHB Álex Rosado 0-0: Foul Ball, location: 2F
0-1: Ball
1-1: Ground out 4-3 (Groundball, 34)
Top of the 6th over - 0 run(s), 1 hit(s), 0 error(s), 1 left on base; Houston 1 - Seattle 4
BOTTOM OF THE 6TH
Seattle Pikes batting - Pitching for Houston Marshals : RHP Enrique Valdés
Batting: RHB Germán Rosales 0-0: Ball
1-0: Swinging Strike
1-1: Ball
2-1: Ball
3-1: Foul Ball, location: 2F
3-2: Foul Ball, location: 2F
3-2: Foul Ball, location: 2F
3-2: Base on Balls
Batting: RHB Bill Mark 0-0: Called Strike
0-1: Ball
1-1: Swinging Strike
1-2: Foul Ball, location: 2F
1-2: Strikes out looking
Batting: SHB Nate Rhodes 0-0: Ball
1-0: Called Strike
1-1: Ball
2-1: Swinging Strike
2-2: Grounds into double play, 4-6-3 (Groundball, 4)
Bottom of the 6th over - 0 run(s), 0 hit(s), 0 error(s), 0 left on base; Houston 1 - Seattle 4
TOP OF THE 7TH
Houston Marshals batting - Pitching for Seattle Pikes : RHP Jesús Suárez
Pitching: LHP Mario Tobías
Batting: LHB Matt Smith 0-0: Ball
1-0: Called Strike
1-1: Ball
2-1: SINGLE (Groundball, 4MD)
Pitching: RHP Orlando Ojeda
Batting: SHB Juan Gómez 0-0: Called Strike
0-1: Foul Ball, location: 2F
0-2: Foul Ball, location: 2F
0-2: Ball
1-2: Ball
2-2: Foul Ball, location: 2F
2-2: Grounds into double play, 6-4-3 (Groundball, 6)
Batting: RHB Jim Tracy 0-0: Called Strike
0-1: Ball
1-1: Swinging Strike
1-2: Strikes out swinging
Top of the 7th over - 0 run(s), 1 hit(s), 0 error(s), 0 left on base; Houston 1 - Seattle 4
BOTTOM OF THE 7TH
Seattle Pikes batting - Pitching for Houston Marshals : RHP Enrique Valdés
Batting: RHB Arnold Harmon 0-0: Ball
1-0: Ground out 4-3 (Groundball, 4MS)
Batting: RHB Iván Gonzáles 0-0: Ball
1-0: Swinging Strike
1-1: Called Strike
1-2: Foul Ball, location: 2F
1-2: Ground out 6-3 (Groundball, 6)
Pitching: RHP Álex Rodríguez
Batting: RHB Pete Rideout 0-0: Ball
1-0: Ball
2-0: Foul Ball, location: 2F
2-1: Foul Ball, location: 2F
2-2: Ground out 4-3 (Groundball, 4)
Bottom of the 7th over - 0 run(s), 0 hit(s), 0 error(s), 0 left on base; Houston 1 - Seattle 4
TOP OF THE 8TH
Houston Marshals batting - Pitching for Seattle Pikes : RHP Orlando Ojeda
Batting: RHB Gregg Nelson 0-0: Called Strike
0-1: SINGLE (Groundball, 34D)
Pitching: LHP Manny Sandoval
Batting: LHB John Peterson 0-0: Grounds into double play, 4-6-3 (Groundball, 4)
Batting: RHB Javier Rentería 0-0: Ball
1-0: Fly out, F4 (Line Drive, 4)
Top of the 8th over - 0 run(s), 1 hit(s), 0 error(s), 0 left on base; Houston 1 - Seattle 4
BOTTOM OF THE 8TH
Seattle Pikes batting - Pitching for Houston Marshals : RHP Álex Rodríguez
Batting: RHB Wallace Greene 0-0: Ball
1-0: Called Strike
1-1: Ball
2-1: SINGLE (Groundball, 6MD)
Batting: RHB Randy Sheppard 0-0: Ball
1-0: Bunted foul
1-1: Ball
2-1: Bunted foul
2-2: Fly out, F8 (Flyball, 8LM)
Batting: LHB Roberto Lozano 0-0: Called Strike
0-1: Called Strike
0-2: Ball
1-2: Ball
2-2: Foul Ball, location: 2F
2-2: Foul Ball, location: 2F
2-2: Foul Ball, location: 2F
2-2: Ball
Wallace Greene steals 2nd base
3-2: Fly out, F6 (Popup, 6D)
Batting: RHB Germán Rosales 0-0: Ball
1-0: Ball
2-0: Ball
3-0: Called Strike
3-1: Base on Balls
Batting: RHB Bill Mark 0-0: Called Strike
0-1: Ball
1-1: Ball
2-1: Ball
3-1: SINGLE (Line Drive, 7S)
Wallace Greene to third
Germán Rosales to second
Runner from 3rd tries for Home, SAFE, no throw
Pitching: RHP Jim Daniel
Batting: SHB Nate Rhodes 0-0: Foul Ball, location: 2F
0-1: Ball
1-1: Swinging Strike
1-2: Ball
2-2: Ball
3-2: Base on Balls
Germán Rosales to third
Bill Mark to second
Batting: RHB Arnold Harmon 0-0: Called Strike
0-1: Ball
1-1: Ball
2-1: Ball
3-1: Fly out, F9 (Flyball, 9S)
Bottom of the 8th over - 1 run(s), 2 hit(s), 0 error(s), 3 left on base; Houston 1 - Seattle 5
TOP OF THE 9TH
Houston Marshals batting - Pitching for Seattle Pikes : LHP Manny Sandoval
Batting: LHB Lewis Barr 0-0: Called Strike
0-1: Swinging Strike
0-2: Strikes out looking
Batting: LHB José Rodríguez 0-0: Ball
1-0: Ball
2-0: Called Strike
2-1: Ball
3-1: Fly out, F5 (Popup, 56)
Batting: SHB Álex Rosado 0-0: Ball
1-0: Called Strike
1-1: Called Strike
1-2: Ball
2-2: Foul Ball, location: 2F
2-2: Ball
3-2: Base on Balls
Batting: LHB Matt Smith 0-0: Fly out, F7 (Flyball, 78S)
Top of the 9th over - 0 run(s), 0 hit(s), 0 error(s), 1 left on base; Houston 1 - Seattle 5
Tuesday, August 8th, 2017 - OOTP Baseball 17.12 Build 75